 Dungeon Crawl Stone Soup version 0.27.0-66-gdc8fb28755 (webtiles) character file.

Game seed: 17897685642572996606

52 Thatpatchoflichen the Ruffian (level 3, -1/28 HPs)
             Began as a Draconian Transmuter on Aug 20, 2021.
             Slain by a gnoll (2 damage)
             ... on level 2 of the Dungeon.
             The game lasted 00:04:00 (2510 turns).

Thatpatchoflichen the Ruffian (DrTm)                Turns: 2510, Time: 00:04:01

Health: -1/28      AC:  6    Str: 12    XL:     3   Next: 60%
Magic:  4/6        EV: 12    Int: 14    God:
Gold:   88         SH:  0    Dex: 11    Spells: 3/6 levels left

rFire    . . .     SeeInvis .     - Unarmed
rCold    . . .     Faith    .   (no shield)
rNeg     . . .     Spirit   .   (armour unavailable)
rPois    .         Reflect  .   (helmet currently unavailable)
rElec    .         Harm     .   (no cloak)
rCorr    .         Rampage  .   k - +0 pair of gloves
Will     .....                  (boots currently unavailable)
Stlth    +.........             (no amulet)
HPRegen  0.09/turn              (no ring)
MPRegen  0.10/turn              (no ring)

@: appendages (expiring)
A: horns 2, talons 2, AC +5, unfitting armour, cold-blooded
a: End Transformation


You were on level 2 of the Dungeon.
You had temporarily grown beastly horns and talons.
You visited 1 branch of the dungeon, and saw 3 of its levels.

You collected 88 gold pieces.

Inventory:

Missiles
 c - 4 javelins
 i - 27 arrows
Armour
 k - a +0 pair of gloves (worn)
Scrolls
 a - a scroll of amnesia {unknown}
 d - a scroll of fog {unknown}
 h - a scroll of enchant armour {unknown}
 j - 2 scrolls of identify {unknown}
Potions
 b - a potion of heal wounds {unknown}
 e - a potion of magic {unknown}
 f - a potion of attraction {unknown}
 g - 3 potions of might {unknown}


   Skills:
 + Level 1.3 Fighting
 + Level 2.3 Dodging
 + Level 3.6 Unarmed Combat
 + Level 2.2 Spellcasting
 + Level 2.6 Transmutations


You had 3 spell levels left.
You knew the following spells:

 Your Spells              Type           Power      Damage    Failure   Level
a - Beastly Appendage     Tmut           16%        N/A       8%          1
b - Wereblood             Tmut           8%         N/A       12%         2

Your spell library contained the following spells:

 Spells                   Type           Power      Damage    Failure   Level
 Static Discharge         Conj/Air       1%         N/A       34%         2
 Spider Form              Tmut/Pois      2%         N/A       38%         3
 Ice Form                 Ice/Tmut       5%         N/A       80%         4
 Dispel Undead            Necr           1%         3d6       93%         4
 Sticky Flame             Conj/Fire      1%         2d3       93%         4


Dungeon Overview and Level Annotations

Branches:
Dungeon (3/15)

Altars:
Ru

Shops:
D:2 [


Innate Abilities, Weirdness & Mutations

You have temporarily grown beastly horns and talons.
Your plain brown scales are hard. (AC +5)
You cannot fit into any form of body armour.
You are cold-blooded and may be slowed by cold attacks.


Message History

The gnoll shouts!
Casting: Beastly Appendage (safe; 8% risk of failure)
Press: ? - help, Q - select action, (/) - cycle Dir - look around, f - activate You grow a pair of large bovine horns.
Your feet morph into talons.
The gnoll hits you with a +0 halberd.
You hit the gnoll.
The gnoll is moderately wounded.
The gnoll hits you with a +0 halberd. The gnoll hits you but does no damage.
You closely miss the gnoll. Your kick misses the gnoll. You headbutt the gnoll.
The gnoll is heavily wounded.
The gnoll hits you from afar with a +0 spear.
The gnoll misses you. The gnoll hits you but does no damage.
You hit the gnoll but do no damage. You claw the gnoll.
You headbutt the gnoll, but do no damage.
The gnoll is severely wounded.
The gnoll hits you from afar with a +0 spear.
The gnoll hits you with a +0 halberd!
* * * LOW HITPOINT WARNING * * *
You hit the gnoll. You claw the gnoll, but do no damage.
You headbutt the gnoll.
The gnoll is almost dead.
The gnoll hits you with a +0 club.
* * * LOW HITPOINT WARNING * * *
The gnoll hits you from afar with a +0 spear.
* * * LOW HITPOINT WARNING * * *
The gnoll barely misses you.
Your magical contamination has completely faded away.
There is a stone staircase leading up here.
You can't go down here!
Your transformation is almost over.
The gnoll closely misses you.
The gnoll hits you from afar with a +0 spear.
* * * LOW HITPOINT WARNING * * *
You climb upwards.
There is a stone staircase leading down here.
You hit the gnoll. Your kick misses the gnoll.
You tail-slap the gnoll, but do no damage.
The gnoll is heavily wounded.
The gnoll hits you with a +0 club.
You die...

#..#.######........##
####.#.# #.......##
#......# #.#####.###
#......# #.# #....
#......# ##+#####....
#......# #.....##....
#......# #)....##..).
#....g.#####.....†.....
###...@..............##
#....#####.........##
#....# ######.....#
###### ###...# #...#
#.... #...# #...#
#######


You could see a gnoll.

Vanquished Creatures
  2 adders (D:2)
  A worm (D:2)
  An orc (D:2)
  3 bats (D:2)
  An endoplasm (D:2)
  3 goblins (D:1)
  A hobgoblin (D:1)
  8 jackals
  A kobold (D:1)
  A quokka (D:2)
  5 ball pythons
  A frilled lizard (D:1)
  A rat (D:1)
29 creatures vanquished.

Notes
Turn   | Place    | Note
-------+----------+-------------------------------------------
     0 | D:1      | Thatpatchoflichen the Draconian Transmuter began the quest
                  | for the Orb.
     0 | D:1      | Reached XP level 1. HP: 16/16 MP: 3/3
   936 | D:1      | Reached XP level 2. HP: 23/23 MP: 5/5
  1573 | D:2      | Learned a level 2 spell: Wereblood
  1818 | D:2      | Reached XP level 3. HP: 25/28 MP: 4/6
  2027 | D:2      | Found a faded altar of an unknown god.
  2303 | D:2      | Found a sacrificial altar of Ru.
  2424 | D:2      | Found Cene's Armour Shoppe.
  2508 | D:3      | HP: 1/28 [gnoll (2)]
  2510 | D:2      | Slain by a gnoll

Illustrated notes

Levels and vault maps discovered:
D:1:      dpeg_arrival_tiny_a, layout_loops_corners
D:2:      layout_basic, serial_shops, shop,
          ebering_ecumenical_altar_sacrificial, basic_altar
D:3:      layout_basic, portal_sewer_entry_e, uniq_sigmund

Skill      XL: |  1 |
---------------+----+-----
Dodging        | 2 |  2.3
Fighting       | |  1.3
Unarmed Combat | |  3.6
Spellcasting   | |  2.2
Transmutations | |  2.6

Action                   || total
-------------------------++-------
Melee: Unarmed           ||   146
       Tailslap          ||    13
       Kick              ||    10
       Punch             ||     4
       Headbutt          ||     9
 Cast: Beastly Appendage ||     8
Armor: Skin              ||    64
Dodge: Dodged            ||   136
